 Dungeon Crawl Stone Soup version 0.27-a0-1532-gca18f49f40 (webtiles) character file.

Game seed: 16121689404668073980

5 elagabalus the Shield-Bearer (level 1, 0/18 HPs)
             Began as a Human Fighter on July 13, 2021.
             Slain by a kobold (2 damage)
             ... on level 1 of the Dungeon.
             The game lasted 00:01:09 (58 turns).

elagabalus the Shield-Bearer (Human Fighter)          Turns: 58, Time: 00:01:09

Health: 0/18       AC:  6    Str: 16    XL:     1   Next: 88%
Magic:  1/1        EV:  6    Int:  8    God:
Gold:   10         SH:  8    Dex: 12    Spells: 0/0 levels left

rFire    . . .     SeeInvis .   a - +0 rapier
rCold    . . .     Faith    .   c - +0 kite shield
rNeg     . . .     Spirit   .   b - +0 scale mail
rPois    .         Reflect  .   (no helmet)
rElec    .         Harm     .   (no cloak)
rCorr    .         Rampage  .   (no gloves)
Will     .....                  (no boots)
Stlth    ..........             (no amulet)
HPRegen  0.06/turn              (no ring)
MPRegen  0.07/turn              (no ring)

@: no status effects
A: no striking features
a: no special abilities


You were on level 1 of the Dungeon.
You visited 1 branch of the dungeon, and saw 1 of its levels.

You collected 10 gold pieces.

Inventory:

Hand Weapons
 a - a +0 rapier (weapon)
Missiles
 e - 16 bolts
Armour
 b - a +0 scale mail (worn)
 c - a +0 kite shield (worn)
Potions
 d - a potion of might


   Skills:
 - Level 3.0 Fighting
 * Level 2.5 Short Blades
 - Level 3.0 Armour
 - Level 3.0 Shields


You couldn't memorise any spells.
You didn't know any spells.
Your spell library was empty.

Dungeon Overview and Level Annotations

Branches:
Dungeon (1/15)

Altars:


Message History

A ball python comes into view.
You block the hobgoblin's attack.
You hit the dart slug but do no damage.
The dart slug is heavily wounded.
A jackal comes into view.
You block the dart slug's attack.
The hobgoblin hits you but does no damage.
An endoplasm comes into view.
The endoplasm quivers.
You puncture the dart slug!
You kill the dart slug!
You block the hobgoblin's attack.
The endoplasm jiggles.
The hobgoblin hits you but does no damage.
You hit the hobgoblin.
The hobgoblin is moderately wounded.
The hobgoblin barely misses you.
You puncture the hobgoblin!
You kill the hobgoblin!
The jackal stops to sniff the ground.
The ball python barely misses you. You block the ball python's attack.
The jackal barely misses you.
You puncture the ball python!
You kill the ball python!
You block the jackal's attack.
The kobold hits you with a +1 whip of electrocution.
You are electrocuted!
Ouch! That really hurt!
The jackal bites you.
* * * LOW HITPOINT WARNING * * *
You closely miss the jackal. You block the kobold's attack.
The jackal bites you but does no damage.
You block the endoplasm's attack.
The kobold hits you with a +1 whip of electrocution.
* * * LOW HITPOINT WARNING * * *
You puncture the jackal!
You kill the jackal!
The endoplasm closely misses you.
The kobold hits you with a +1 whip of electrocution.
You die...

##...#...##
#...#...#
##.....##
#.....#
##...##
#...# #...#
#'''# #K@.#
#.....J†..#
...........#
...##..#.###
.# .#. .#
.... ..
.#.#. .# >.
.. ..


You could see an endoplasm and a kobold.

Vanquished Creatures
  A dart slug (D:1)
  A ball python (D:1)
  A hobgoblin (D:1)
  A jackal (D:1)
4 creatures vanquished.

Notes
Turn   | Place    | Note
-------+----------+-------------------------------------------
     0 | D:1      | elagabalus the Human Fighter began the quest for the Orb.
     0 | D:1      | Reached XP level 1. HP: 18/18 MP: 1/1
    58 | D:1      | Slain by a kobold

Illustrated notes

Levels and vault maps discovered:
D:1:      lemuel_arrival_funnel, layout_rooms, ebering_ecumenical_altar_ruins,
          st_stairs_10, nrook_campfire, dk_noncrumbling_2

Action                   || total
-------------------------++-------
Melee: Rapier            ||    12
Armor: Scale mail        ||     6
Dodge: Dodged            ||     7
Block: Kite shield       ||     8

Table legend: (Time is in decaauts)
 A = Elapsed time spent in this place.
 B = Non-inter-level travel time spent in this place.
 C = Inter-level travel time spent in this place.
 D = Time resting spent in this place.
 E = Time spent auto-exploring this place.
 F = Levels seen in this place.
 G = Mean time per level.
                   A        B        C        D        E       F      G
               +--------+--------+--------+--------+--------+-----+--------+
         Total |     61 |     21 |     40 |      0 |      0 |   1 |   61.0 |
       Dungeon |     61 |     21 |     40 |      0 |      0 |   1 |   61.0 |
               +--------+--------+--------+--------+--------+-----+--------+

Top non-repeatable levels by time:
     D:1: 61 daAuts
